 Dungeon Crawl Stone Soup version 0.19.0-9-gfd783f2 (webtiles) character file.

1208 Pepeogr the Cleaver (level 8, -1/68 HPs)
             Began as a Grey Draconian Fighter on Nov 7, 2016.
             Was a Follower of Nemelex Xobeh.
             Slain by an orc wizard
             ... wielding a +0 dagger
              (3 damage)
             ... on level 6 of the Dungeon.
             The game lasted 00:21:22 (3895 turns).

Pepeogr the Cleaver (Grey Draconian Fighter)        Turns: 3895, Time: 00:21:23

Health: -1/68      AC: 11    Str: 20    XL:     8   Next: 21%
Magic:  8/8        EV: 11    Int:  8    God:    Nemelex Xobeh [*.....]
Gold:   155        SH:  9    Dex: 12    Spells: 0 memorised, 7 levels left

rFire  . . .     SeeInvis .     a - +1 war axe
rCold  . . .     Gourm    .     (armour unavailable)
rNeg   . . .     Faith    .     b - +0 shield
rPois  .         Spirit   .     (helmet restricted)
rElec  .         Reflect  .     (no cloak)
rCorr  .         Harm     .     (no gloves)
MR     .....                    (no boots)
Stlth  +.........               q - amulet of rage
                                (no ring)
                                (no ring)

@: slowed, very slow
A: walk through water, unfitting armour, unbreathing, cold-blooded, subdued
magic 1, AC +11
a: Renounce Religion, Evoke Berserk Rage


You were on level 6 of the Dungeon.
You worshipped Nemelex Xobeh.
Nemelex Xobeh was aware of your devotion.
You were not hungry.

You visited 1 branch of the dungeon, and saw 7 of its levels.

You collected 155 gold pieces.

Inventory:

Hand Weapons
 a - a +1 war axe (weapon)
 f - a +0 hand axe
 n - a +0 rapier
 o - a +0 flail of holy wrath
Armour
 b - a +0 shield (worn)
Jewellery
 k - an uncursed ring of wizardry
 p - a cursed ring of teleportation
 q - an amulet of rage (around neck)
Wands
 s - a wand of digging (12/24)
Scrolls
 e - 6 scrolls of identify
 g - 2 scrolls of recharging
 h - 2 scrolls of teleportation
 m - 3 scrolls of remove curse
Potions
 r - a potion of heal wounds
Miscellaneous
 c - a plain deck of escape {drawn: 9}
 u - a plain deck of destruction {drawn: 4}
Comestibles
 d - 3 bread rations
 i - a slice of pizza
 j - 2 beef jerkies
 l - 3 fruits


   Skills:
 + Level 5.0 Fighting
 * Level 8.1 Axes
 + Level 3.9 Dodging
 + Level 0.8 Stealth
 + Level 4.1 Shields
 + Level 1.0 Invocations
 + Level 1.0 Evocations


You had 7 spell levels left.
You didn't know any spells.

Dungeon Overview and Level Annotations

Branches:
Dungeon (7/15)
 Temple: D:4-7

Altars:
Fedhas
Nemelex Xobeh
Ru
Xom
Yredelemnul
Zin

Annotations:
D:3 Grinder
D:4 Sigmund
D:5 Grim's ghost, novice MiFi
D:6 Pikel


Innate Abilities, Weirdness & Mutations

You can walk through water.
Your dull iron-grey scales are very hard. (AC +11)
You cannot fit into any form of body armour.
You can survive without breathing.
You are cold-blooded and may be slowed by cold attacks.
Your spells are a little easier to cast, but a little less powerful.


Message History

The orc wizard hits you but does no damage.
The slave hits you.
* * * LOW HITPOINT WARNING * * *
A sky beast appears from thin air!
Reactivating autopickup.
An orc priest comes into view. It is wielding a club.
The orc priest shouts!
You hit the orc but do no damage. You barely miss the slave.
You slash the orc wizard! You hit the bullfrog. You hit Pikel.
The bullfrog barely misses you. The orc wizard closely misses you.
You block the orc warrior's attack. The bullfrog barely misses you.
You block the slave's attack. The orc misses you.
The orc wizard closely misses you. The slave hits you!
* * * LOW HITPOINT WARNING * * *
The bullfrog closely misses you.
Pikel hits you with a whip of electrocution.
* * * LOW HITPOINT WARNING * * *
The orc wizard hits you with a dagger.
You die...
Your body disappears without a glow.

#..................
##.>........#.......
#..$......#.#.......
..................
#.............. .
#.....[#.†.# ...
###.....[)..o########.....
..........##.op#...........
...........opF@#...........
.##...._o..ooKo....###.....
#.......o#Y.###### ....
.........##...# ...
#.#..........#.# ##
........###..#.# .##...#
##...# ..o. #.#.(


You could see Pikel, an orc warrior, a sky beast, 2 slaves, a bullfrog, 2 orc
priests, an orc wizard and 4 orcs.

Vanquished Creatures
  A slave (D:6)
  The ghost of Andry07 the Skirmisher, an amateur MfSk (D:3)
  4 ogres
  A big kobold (D:4)
  2 scorpions (D:4)
  2 crimson imps (D:5)
  2 bullfrog zombies
  A hound (D:5)
  An iguana (D:5)
  3 orc wizards (D:4)
  A worker ant (D:6)
  A hell rat (D:5)
  A hound skeleton (D:5)
  A howler monkey zombie (D:5)
  3 gnolls (D:4)
  5 adders
  5 leopard geckos
  7 orcs
  4 giant cockroaches
  3 goblins
  5 hobgoblins
  7 jackals
  A bat (D:2)
  7 frilled lizards
  5 kobolds
  6 rats
  A fungus (D:4)
81 creatures vanquished.

Vanquished Creatures (collateral kills)
  A black bear (D:6)
  A slave (D:6)
  A bullfrog (D:6)
  An orc priest (D:6)
  A hound (D:6)
  A worker ant (D:6)
  A worm (D:6)
  An orc (D:6)
8 creatures vanquished.

Grand Total: 89 creatures vanquished

Notes
Turn   | Place    | Note
-------+----------+-------------------------------------------
     0 | D:1      | Pepeogr the Draconian Fighter began the quest for the Orb.
     0 | D:1      | Reached XP level 1. HP: 19/19 MP: 1/1
    81 | D:1      | Reached XP level 2. HP: 23/26 MP: 2/2
   805 | D:2      | Reached XP level 3. HP: 29/31 MP: 3/3
   839 | D:2      | Reached skill level 3 in Axes
   979 | D:2      | Found a blossoming altar of Fedhas.
  1381 | D:3      | Found a sparkling altar of Nemelex Xobeh.
  1390 | D:3      | Became a worshipper of Nemelex Xobeh the Trickster
  1404 | D:3      | Noticed Andry07's ghost (amateur MfSk)
  1413 | D:3      | Killed Andry07's ghost
  1413 | D:3      | Reached skill level 4 in Axes
  1413 | D:3      | Reached XP level 4. HP: 27/40 MP: 4/4
  1413 | D:3      | Reached XP level 5. HP: 31/46 MP: 5/5
  1529 | D:3      | Received a gift from Nemelex Xobeh
  1699 | D:4      | Noticed Grinder
  1702 | D:4      | Noticed an ogre
  1717 | D:3      | Paralysed by Grinder for 2 turns
  1721 | D:3      | Paralysed by Grinder for 6 turns
  1729 | D:3      | Paralysed by Grinder for 3 turns
  1978 | D:4      | Found a sacrificial altar of Ru.
  2048 | D:4      | Killed an ogre
  2048 | D:4      | Reached skill level 5 in Axes
  2101 | D:4      | Reached XP level 6. HP: 31/52 MP: 6/6
  2415 | D:4      | Reached skill level 6 in Axes
  2549 | D:4      | Your scales start taking on a dull iron-grey colour.
  2549 | D:4      | Reached XP level 7. HP: 40/59 MP: 7/7
  2549 | D:4      | Gained mutation: You can survive without breathing. [Grey Draconian growth]
  2550 | D:4      | Reached skill level 1 in Evocations
  2813 | D:4      | Found a basalt altar of Yredelemnul.
  2813 | D:4      | Found a glowing silver altar of Zin.
  2838 | D:4      | Noticed Sigmund
  3135 | D:5      | Entered Level 5 of the Dungeon
  3292 | D:5      | Reached skill level 7 in Axes
  3316 | D:5      | Reached * piety under Nemelex Xobeh
  3527 | D:5      | Received a gift from Nemelex Xobeh
  3561 | D:5      | Noticed Grim's ghost (novice MiFi)
  3567 | D:5      | Gained mutation: Scrolls take you a little longer to read. [potion of mutation]
  3567 | D:5      | Gained mutation: Your spells are a little easier to cast, but a little less powerful. [potion of mutation]
  3567 | D:5      | Lost mutation: Scrolls take you a little longer to read. [potion of mutation]
  3573 | D:5      | Reached XP level 8. HP: 64/67 MP: 8/8
  3590 | D:5      | You fall through a shaft for 2 floors!
  3853 | D:6      | Found a shimmering altar of Xom.
  3867 | D:6      | Noticed Pikel
  3879 | D:6      | Reached skill level 5 in Fighting
  3879 | D:6      | Reached skill level 8 in Axes
  3879 | D:6      | Reached skill level 1 in Invocations
  3895 | D:6      | HP: 3/68 [slave[Pikel] (8)]
  3895 | D:6      | Slain by an orc wizard

Skill      XL: |  1  2  3  4  5  6  7  8 |
---------------+-------------------------+-----
Axes           | 4 5 6 7 8 |  8.1
Dodging        | 3 |  3.9
Fighting       | 4 5 |  5.0
Evocations     | 1 |  1.0
Shields        | 4 |  4.1
Invocations    | 1 |  1.0
Stealth        | |  0.8

Action                   |  1- 3 |  4- 6 |  7- 9 || total
-------------------------+-------+-------+-------++-------
Melee: War axe           |    93 |    76 |   141 ||   310
       Tailslap          |     4 |    10 |    19 ||    33
 Abil: Evoke Berserk Rag |       |     1 |       ||     1
Evoke: Deck              |       |     4 |     9 ||    13
  Use: Scroll            |     8 |     4 |     5 ||    17
       Potion            |     5 |     1 |     2 ||     8
  Eat: Bread ration      |     1 |     1 |       ||     2
       Beef jerky        |       |     1 |     1 ||     2
Armor: Skin              |    31 |    23 |    49 ||   103
Dodge: Dodged            |    39 |    16 |    84 ||   139
Block: Shield            |    48 |    26 |    76 ||   150
